 Dungeon Crawl Stone Soup version 0.29.0-4-gdea44cf6ec (webtiles) character file.

Game seed: 9187373722799270705

39 qw the Chopper (level 3, -4/21 HPs)
             Began as a Tengu Warper on Aug 28, 2022.
             Killed from afar by Sigmund (8 damage)
             ... with a puff of flame
             ... on level 2 of the Dungeon.
             The game lasted 00:00:08 (1425 turns).

qw the Chopper (Tengu Warper)                       Turns: 1425, Time: 00:00:08

Health: -4/21      AC:  3    Str: 13    XL:     3   Next: 47%
Magic:  7/7        EV: 12    Int: 13    God:
Gold:   15         SH:  0    Dex: 13    Spells: 6/6 levels left

rFire   . . .      SeeInvis .   Y - +0 hand axe
rCold   . . .      Faith    .   (no shield)
rNeg    . . .      Spirit   .   b - +0 leather armour
rPois   .          Reflect  .   (helmet restricted)
rElec   .          Harm     .   (no cloak)
rCorr   .          Rampage  .   (no gloves)
Will    .....                   (boots unavailable)
Stlth   +.........              (no amulet)
HPRegen 0.07/turn               (no ring)
MPRegen 0.10/turn               (no ring)

@: no status effects
A: beak, talons 3
a: no special abilities


You were on level 2 of the Dungeon.
You visited 1 branch of the dungeon, and saw 2 of its levels.

You collected 145 gold pieces.
You spent 130 gold pieces at shops.


Innate Abilities, Weirdness & Mutations

You have a beak for a mouth.
You have claws for feet.


   Skills:
 - Level 2.0 Fighting
 + Level 4.2 Axes
 - Level 1.0 Throwing
 - Level 1.1 Armour
 - Level 2.1 Dodging
 - Level 2.0 Spellcasting
 - Level 2.4 Translocations


You had 6 spell levels left.
You didn't know any spells.
Your spell library contained the following spells:

 Spells                   Type           Power      Damage    Failure   Level
 Blink                    Tloc           14%        N/A       19%         2
 Gell's Gravitas          Tloc           7%         N/A       36%         3
 Lesser Beckoning         Tloc           7%         N/A       36%         3
 Teleport Other           Tloc           7%         N/A       36%         3
 Manifold Assault         Tloc           7%         N/A       98%         5

Inventory:

Hand Weapons
 l - a +0 whip
 Y - a +0 hand axe (weapon)
Armour
 b - a +0 leather armour (worn)
Scrolls
 c - a scroll of fog {unknown}
Potions
 a - 2 potions of mutation {unknown}
 d - a potion of resistance {unknown}
 e - a potion of lignification {unknown}
 g - a potion of curing {unknown}
 j - a potion of cancellation

Dungeon Overview and Level Annotations

Branches:
Dungeon (2/15)

Altars:

Shops:
D:1 **=

Annotations:
D:2 Sigmund


Message History

You kill the rat!
Found a stone staircase leading down.
Sigmund the Dreaded comes into view.
He is wielding a +0 scythe.
Sigmund gestures at you while chanting. You resist with significant effort.
Enter note:
1411 ||| Stepping ~*~*~tactically~*~*~ (hiding).
You start waiting.
Sigmund is nearby!
Sigmund hits you but does no damage.
You hit Sigmund. Your kick misses Sigmund. Your peck misses Sigmund.
Sigmund is lightly wounded.
You barely miss Sigmund.
Sigmund is lightly wounded.
Sigmund closely misses you.
You closely miss Sigmund. You claw Sigmund! Your peck misses Sigmund.
Sigmund is heavily wounded.
Sigmund hits you with a +0 scythe!
You hit Sigmund. Your kick misses Sigmund. You peck Sigmund, but do no damage.
Sigmund is severely wounded.
Sigmund barely misses you.
You closely miss Sigmund. Your kick misses Sigmund. You peck Sigmund.
Sigmund is severely wounded.
You hit Sigmund.
Sigmund is almost dead.
Sigmund casts a spell at you. The puff of flame hits you!
You hit Sigmund but do no damage. You claw Sigmund.
You peck Sigmund, but do no damage.
Sigmund is almost dead.
Sigmund casts a spell at you. You resist with significant effort.
You closely miss Sigmund. Your kick misses Sigmund. Your peck misses Sigmund.
Sigmund is almost dead.
Sigmund closely misses you.
You barely miss Sigmund. Your kick misses Sigmund.
Sigmund is almost dead.
Sigmund gestures at you while chanting. The puff of flame hits you!
You die...

..###.###.). #. #.#...#
##.# #. #.#.### #.#
####.######.#.# #.#
#...........#.### #.#
...............# #:#
#...#.###.#.#.####.#
#.##@##.###.#.#......#
#.#..@......#.########
#.#.###.###.#<# #.#.##..#
#.#)# #.#.##.## #.#.#
#.#.##.# #.#.#
#.#.##.####.#.####
#.####...........#.##.##
#...........######.#.#.##
#.#####...### #..###.###


You could see Sigmund.

Vanquished Creatures
  An adder (D:2)
  A dart slug (D:1)
  5 endoplasms
  A giant cockroach (D:1)
  4 hobgoblins
  4 kobolds
  2 ball pythons
  4 bats (D:1)
  A goblin (D:1)
  7 rats
30 creatures vanquished.

Notes
Turn   | Place    | Note
-------+----------+-------------------------------------------
     0 | D:1      | qw the Tengu Warper began the quest for the Orb.
     0 | D:1      | Reached XP level 1. HP: 12/12 MP: 4/4
     0 | D:1      | 0 ||| qw: Version: 0.1-a-89-g26bdef1
     0 | D:1      | 0 ||| qw: Game counter: 2163
     0 | D:1      | 0 ||| qw: Always use a shield: true
     0 | D:1      | 0 ||| qw: God list: Okawaru
     0 | D:1      | 0 ||| qw: Allow faded altars: false
     0 | D:1      | 0 ||| qw: Do Orc after D:15 true
     0 | D:1      | 0 ||| qw: Do second Lair branch before Depths: true
     0 | D:1      | 0 ||| qw: Lair rune preference: random
     0 | D:1      | 0 ||| qw: Plans: Normal
     0 | D:1      | 0 ||| PLANNING D:1-11
   107 | D:1      | Found a faded altar of an unknown god.
   121 | D:1      | Reached skill level 3 in Axes
   121 | D:1      | Reached XP level 2. HP: 17/17 MP: 6/6
   316 | D:1      | Found Tastoes's Jewellery Shop.
   332 | D:1      | 332 ||| SHOPLISTING +4 ring of evasion (360 gold, have 80).
   332 | D:1      | 332 ||| SHOPLISTING +4 ring of protection (360 gold, have
                  | 80).
   332 | D:1      | 332 ||| SHOPLISTING amulet of Uskayaw's Displeasure
                  | {Reflect Int+2 SH+5 SInv} (454 gold, have 80).
   332 | D:1      | 332 ||| SHOPLISTING amulet of reflection (300 gold, have
                  | 80).
   332 | D:1      | 332 ||| SHOPLISTING amulet of regeneration (300 gold, have
                  | 80).
   332 | D:1      | 332 ||| SHOPLISTING ring "Pacewyfa" {rC+ Int+3 Stlth+} (411
                  | gold, have 80).
   332 | D:1      | 332 ||| SHOPLISTING ring of ice (250 gold, have 80).
   332 | D:1      | 332 ||| SHOPLISTING ring of poison resistance (200 gold,
                  | have 80).
   332 | D:1      | 332 ||| SHOPLISTING ring of positive energy (200 gold, have
                  | 80).
   332 | D:1      | 332 ||| SHOPLISTING ring of willpower (250 gold, have 80).
   371 | D:1      | Found Ujacas's General Store.
   380 | D:1      | 380 ||| BUYING potion of cancellation (88 gold).
   380 | D:1      | Bought a potion of cancellation for 88 gold pieces
   719 | D:1      | 719 ||| DROPPING +0 club.
   933 | D:1      | Found Itza's Assorted Antiques.
   939 | D:1      | 939 ||| SHOPLISTING glowing ring mail (147 gold, have 51).
   939 | D:1      | 939 ||| SHOPLISTING runed flail (136 gold, have 51).
   939 | D:1      | 939 ||| BUYING scroll labelled AJOSME MAONK (21 gold).
   939 | D:1      | Bought a scroll labelled AJOSME MAONK for 21 gold pieces
   939 | D:1      | 939 ||| BUYING scroll labelled FAWAYL DUCROT (21 gold).
   939 | D:1      | Bought a scroll labelled FAWAYL DUCROT for 21 gold pieces
   939 | D:1      | 939 ||| SHOPLISTING scroll labelled FAWAYL DUCROT (21 gold,
                  | have 9).
   939 | D:1      | 939 ||| SHOPLISTING scroll labelled YSOONO QIREGH (21 gold,
                  | have 9).
   939 | D:1      | 939 ||| SHOPLISTING sedimented inky potion (18 gold, have
                  | 9).
   984 | D:1      | 984 ||| DROPPING amulet of faith.
   985 | D:1      | 985 ||| READING scroll labelled GUAQ MEBLOEMIMN.
   986 | D:1      | 986 ||| READING scroll labelled AHUMYF GOBYMEZ.
   987 | D:1      | 987 ||| READING scroll labelled BIEFUASTRUTH.
   988 | D:1      | 988 ||| READING scroll labelled AJOSME MAONK.
   989 | D:1      | 989 ||| READING scroll labelled FAWAYL DUCROT.
   992 | D:1      | 992 ||| DROPPING scroll of blinking.
  1036 | D:2      | Reached XP level 3. HP: 21/21 MP: 7/7
  1045 | D:2      | 1045 ||| Stepping ~*~*~tactically~*~*~ (stealth).
  1048 | D:2      | 1048 ||| Stepping ~*~*~tactically~*~*~ (stealth).
  1050 | D:2      | 1050 ||| Stepping ~*~*~tactically~*~*~ (stealth).
  1051 | D:2      | 1051 ||| Stepping ~*~*~tactically~*~*~ (stealth).
  1063 | D:2      | HP: 5/21 [poisoned by an adder]
  1064 | D:2      | HP: 2/21 [adder (2)]
  1069 | D:2      | Reached skill level 4 in Axes
  1289 | D:2      | 1289 ||| FLEEEEING.
  1291 | D:2      | 1291 ||| FLEEEEING.
  1294 | D:2      | 1294 ||| FLEEEEING.
  1295 | D:2      | 1295 ||| FLEEEEING.
  1296 | D:2      | 1296 ||| FLEEEEING.
  1297 | D:2      | 1297 ||| FLEEEEING.
  1307 | D:2      | 1307 ||| FLEEEEING.
  1308 | D:2      | 1308 ||| FLEEEEING.
  1309 | D:2      | 1309 ||| FLEEEEING.
  1310 | D:2      | 1310 ||| STAIRDANCE
  1410 | D:2      | Noticed Sigmund
  1411 | D:2      | 1411 ||| Stepping ~*~*~tactically~*~*~ (hiding).
  1422 | D:2      | HP: 4/21 [Sigmund/puff of flame (10)]
  1425 | D:2      | Killed from afar by Sigmund

Levels and vault maps discovered:
D:1:      zelgadis_glass_arrival_small, layout_loops_cross, serial_shops, shop,
          nicolae_lakefront_shop, shop_coins,
          shapermc_ecumenical_altar_mp_highgroup, minmay_door_square
D:2:      layout_loops_ring, uniq_sigmund

Skill      XL: |  1  2  3 |
---------------+----------+-----
Axes           | 3 4 |  4.2
Fighting       | |  2.0
Throwing       | |  1.0
Armour         | |  1.1
Dodging        | |  2.1
Spellcasting   | |  2.0
Translocations | |  2.4

Action                   || total
-------------------------++-------
Melee: Hand axe          ||    66
       Kick              ||    15
       Peck              ||     7
Throw: Boomerang         ||     7
  Use: Scroll            ||     5
Armor: Leather armour    ||    15
Dodge: Dodged            ||    29

Table legend:
 A = Non-vault XP
 B = Vault XP
 C = Vault XP percentage of total XP
 D = Non-vault monster count
 E = Vault monster count
 F = Vault count percentage of total count
                 A         B        C        D         E       F
            +---------+---------+-------+---------+---------+-------
      Total |      57 |       0 |   0.0 |      30 |       0 |   0.0
            +---------+---------+-------+---------+---------+-------
        D:1 |      30 |       0 |   0.0 |      20 |       0 |   0.0
        D:2 |      27 |       0 |   0.0 |      10 |       0 |   0.0
            +---------+---------+-------+---------+---------+-------
